 Dungeon Crawl Stone Soup version 0.31.0-9-g3a7656b989 (webtiles) character file.

Game seed: 3001810808961256845

42 qw the Shooter (level 3, -1/20 HPs)
             Began as a Deep Elf Hunter on Feb 2, 2024.
             Slain by Sigmund
             ... wielding a +3 scythe of venom
              (10 damage)
             ... on level 2 of the Dungeon.
             The game lasted 00:00:02 (679 turns).

qw the Shooter (Deep Elf Hunter)                     Turns: 679, Time: 00:00:03

Health: -1/20      AC:  4    Str: 10    XL:     3   Next: 33%
Magic:  5/5        EV: 12    Int: 13    God:
Gold:   22         SH:  0    Dex: 18    Spells: 2/2 levels left

rFire   . . .        a - +0 shortbow
rCold   . . .        (shield currently unavailable)
rNeg    . . .        c - +0 leather armour
rPois   .            (no helmet)
rElec   .            (no cloak)
rCorr   +            (no gloves)
SInv    .            f - +0 pair of boots {Stlth+}
Will    .....        (no amulet)
Stlth   +++          d - ring of resist corrosion
HPRegen 0.23/turn    (no ring)
MPRegen 0.09/turn

%: no passive effects
@: lethally poisoned (-1 -> -10)
A: no striking features
a: no special abilities


You were on level 2 of the Dungeon.
You visited 1 branch of the dungeon, and saw 2 of its levels.

You collected 22 gold pieces.


   Skills:
 - Level 1.5 Fighting
 + Level 6.9 Ranged Weapons
 - Level 2.4 Dodging
 - Level 1.2 Stealth


You had 2 spell levels left.
You didn't know any spells.
Your spell library was empty.

Inventory:

Hand Weapons
 a - a +0 shortbow (weapon)
Armour
 c - a +0 leather armour (worn)
 f - a +0 pair of boots of stealth (worn)
Jewellery
 d - a ring of resist corrosion (left hand)
 g - a +4 ring of protection
Scrolls
 b - a scroll of brand weapon {unknown}
 h - a scroll of immolation {unknown}
 i - a scroll of enchant weapon {unknown}
Potions
 e - a potion of resistance
 j - a potion of heal wounds {unknown}

Dungeon Overview and Level Annotations

Branches:
Dungeon (2/15)

Altars:

Annotations:
D:2 Sigmund


Message History

You shoot an arrow. The arrow barely misses the adder.
The adder bites you but does no damage. x2
You shoot an arrow. The arrow hits the adder.
The adder is almost dead.
The adder bites you but does no damage.
You shoot an arrow. The arrow hits the adder!
You kill the adder!
You start resting.
HP restored.
Sigmund the Dreaded comes into view.
He is wielding a +3 scythe of venom.
You shoot an arrow. The arrow hits Sigmund.
Sigmund shouts!
Sigmund is moderately wounded.
You hear a shout!
You shoot an arrow. The arrow hits Sigmund.
Sigmund is heavily wounded.
You shoot an arrow. The arrow barely misses Sigmund.
You shoot an arrow. The arrow hits Sigmund.
Sigmund is heavily wounded.
A kobold comes into view. It is wielding a +0 dagger.
You shoot an arrow.
The arrow hits Sigmund but does no damage.
Sigmund is heavily wounded.
Sigmund flickers, as though insubstantial.
Sigmund hits you but does no damage.
You shoot an arrow. The arrow hits Sigmund.
Sigmund is heavily wounded.
Sigmund points at you and mumbles some strange words.
You resist with some effort.
You shoot an arrow. The arrow hits Sigmund.
Sigmund is severely wounded.
Sigmund hits you from afar with a +3 scythe of venom!
You are lethally poisoned!
You shoot an arrow. The arrow hits Sigmund.
Sigmund is almost dead.
You feel very sick.
Sigmund hits you from afar with a +3 scythe of venom!
Ouch! That really hurt!
You die...
Sigmund begins carving another notch in his scythe.

#.#.# #.#.#
#.#.#######
#..........
#.#.######
#.#.# #...#
##..# #.@#
#..# #@..
..K..
......#
.......#
.........
###........


You could see Sigmund and a kobold.

Vanquished Creatures
  2 adders (D:2)
  4 endoplasms (D:1)
  A giant cockroach (D:1)
  2 goblins (D:1)
  3 hobgoblins (D:1)
  2 quokkas (D:1)
  A ball python (D:1)
  2 bats
  4 kobolds (D:1)
  2 rats
23 creatures vanquished.

Notes
Turn   | Place    | Note
-------+----------+-------------------------------------------
     0 | D:1      | qw the Deep Elf Hunter began the quest for the Orb.
     0 | D:1      | Reached XP level 1. HP: 12/12 MP: 3/3
     0 | D:1      | 0 ||| qw: Version: 0.3-a-155-g5e7d8dd
     0 | D:1      | 0 ||| qw: Game counter: 1483
     0 | D:1      | 0 ||| qw: Melee chars always use a shield: true
     0 | D:1      | 0 ||| qw: God list: Okawaru
     0 | D:1      | 0 ||| qw: Allow faded altars: false
     0 | D:1      | 0 ||| qw: Do Orc after clearing Dungeon:15 true
     0 | D:1      | 0 ||| qw: Do second Lair branch before Depths: true
     0 | D:1      | 0 ||| qw: Lair rune preference: random
     0 | D:1      | 0 ||| qw: Goals: Normal
     0 | D:1      | 0 ||| PLANNING D:1-11
    68 | D:1      | Reached skill level 6 in Ranged Weapons
    68 | D:1      | Reached XP level 2. HP: 16/16 MP: 4/4
   409 | D:1      | 409 ||| UPGRADING to +0 pair of boots of stealth.
   414 | D:1      | 414 ||| UPGRADING to ring of resist corrosion.
   415 | D:1      | 415 ||| READING scroll labelled BOECSO WUTU.
   415 | D:1      | 415 ||| IDENTIFYING murky green potion
   416 | D:1      | 416 ||| READING scroll labelled ALLIYMM GEYTRO.
   417 | D:1      | 417 ||| DRINKING 2 lumpy white potions.
   418 | D:1      | 418 ||| DROPPING scroll of butterflies.
   419 | D:1      | 419 ||| DROPPING potion of degeneration.
   443 | D:2      | Reached XP level 3. HP: 20/20 MP: 5/5
   671 | D:2      | Noticed Sigmund
   679 | D:2      | Slain by Sigmund

Levels and vault maps discovered:
D:1:      dreamdust_arrival_sigmund_warning, layout_rooms, serial_glass,
          glass_columns_a, glass_columns_c
D:2:      minmay_chambers_of_twos, layout_basic, shapermc_ecumenical_altar_venn,
          uniq_sigmund

Skill      XL: |  1 |
---------------+----+-----
Ranged Weapons | 6 |  6.9
Fighting       | |  1.5
Dodging        | |  2.4
Stealth        | |  1.2

Action                     || total
---------------------------++-------
   Fire: Shortbow          ||    69
    Use: Scroll            ||     2
         Potion            ||     1
 Armour: Leather armour    ||    13
  Dodge: Dodged            ||    10

Table legend:
 A = Non-vault XP
 B = Vault XP
 C = Vault XP percentage of total XP
 D = Non-vault monster count
 E = Vault monster count
 F = Vault count percentage of total count
                 A         B        C        D         E       F
            +---------+---------+-------+---------+---------+-------
      Total |      60 |       0 |   0.0 |      23 |       0 |   0.0
            +---------+---------+-------+---------+---------+-------
        D:1 |      32 |       0 |   0.0 |      19 |       0 |   0.0
        D:2 |      28 |       0 |   0.0 |       4 |       0 |   0.0
            +---------+---------+-------+---------+---------+-------
